 Dungeon Crawl Stone Soup version 0.20.1-1-g8b1a95d66d (webtiles) character file.

89 NullDivider the Sneak (level 4, 0/29 HPs)
             Began as an Octopode Artificer on Dec 8, 2017.
             Slain by Grinder (4 damage)
             ... on level 3 of the Dungeon.
             The game lasted 00:06:54 (2178 turns).

NullDivider the Sneak (Octopode Artificer)          Turns: 2178, Time: 00:06:54

Health: 0/29       AC:  1    Str: 11    XL:     4   Next: 55%
Magic:  6/6        EV: 14    Int: 13    God:
Gold:   143        SH:  0    Dex: 13    Spells: 3/3 levels left

rFire    . . .     SeeInvis .   a - +0 short sword
rCold    . . .     Gourm    .   (no shield)
rNeg     . . .     Faith    .   (helmet restricted)
rPois    .         Spirit   .   (no amulet)
rElec    .         Reflect  .   (no ring)
rCorr    .         Harm     .   (no ring)
MR       .....                  (no ring)
Stlth    +++.......             (no ring)
Regen    0.1/turn               (no ring)
MPRegen  0.1/turn               (no ring)
                                (no ring)
                                (no ring)

@: no status effects
A: almost no armour, stealthy swim, amphibious, 8 rings, constrict 8, camouflage
1, gelatinous body 1
a: no special abilities


You were on level 3 of the Dungeon.
You were not hungry.

You visited 1 branch of the dungeon, and saw 3 of its levels.

You collected 143 gold pieces.

Inventory:

Hand Weapons
 a - a +0 short sword (weapon)
Jewellery
 e - an uncursed ring of fire {unknown}
 s - an uncursed amulet of guardian spirit {unknown}
Wands
 b - a wand of flame (11/48)
 c - a wand of enslavement (15/24)
 d - a wand of random effects (15/48)
Scrolls
 g - a scroll of magic mapping {unknown}
 i - a scroll of amnesia {unknown}
 k - a scroll of fear {unknown}
 l - 2 scrolls of teleportation {unknown}
 n - a scroll of remove curse {unknown}
 o - 2 scrolls of blinking {unknown}
 p - a scroll of random uselessness {unknown}
 r - a scroll of identify {unknown}
Potions
 h - a potion of curing {unknown}
 j - a potion of berserk rage {unknown}
 m - 2 potions of agility {unknown}
 q - a potion of degeneration {unknown}
Comestibles
 f - 5 bread rations
 t - 5 chunks of flesh


   Skills:
 + Level 2.0 Fighting
 + Level 1.9 Short Blades
 + Level 2.4 Dodging
 * Level 3.7 Stealth
 + Level 3.6 Evocations


You had 3 spell levels left.
You didn't know any spells.

Dungeon Overview and Level Annotations

Branches:
Dungeon (3/15)

Altars:
Ashenzari
Vehumet

Annotations:
D:3 Grinder; Peloso's ghost, amateur HaFi


Innate Abilities, Weirdness & Mutations

You cannot wear most types of armour.
You are very stealthy in the water. (Stealth+)
You are amphibious.
You can wear up to eight rings at the same time.
You can use your tentacles to constrict eight enemies at once.
Your skin changes colour to match your surroundings (Stealth+).
Your rubbery body absorbs attacks. (AC +1, EV +1)


Message History

Press: ? - help, Shift-Dir - straight line The puff of flame hits Grinder.
Grinder is moderately wounded.
This wand has 13 charges left.
You constrict Grinder. Grinder hits you!
Evoke which item? (* to show all) (? for menu, Esc to quit)
Aiming: Throw Flame
Press: ? - help, Shift-Dir - straight line The puff of flame hits Grinder.
Grinder is moderately wounded.
This wand has 12 charges left.
You constrict Grinder. Grinder closely misses you.
Evoke which item? (* to show all) (? for menu, Esc to quit)
Aiming: Throw Flame
Press: ? - help, Shift-Dir - straight line The puff of flame hits Grinder.
Grinder is heavily wounded.
This wand has 11 charges left.
You constrict Grinder. Grinder hits you!
* * * LOW HITPOINT WARNING * * *
You writhe in agony.
You die...

#
#.....######..............
###.....# #.#####.P..###
.##.....# #.# ##....#
.##.....# #.# #.8...#
.##.....# #.# #..P8.#
........# #.####.#..##
..#.....# #.........#
..#.....# #..###.#.##
.......## #.5@...#...
.#.#.#.# ##.#####.###
.#...#.# #. ###..#'# #.
ยง.. #. #. ##


You could see Grinder.

Vanquished Creatures
  A worker ant zombie (D:3)
  2 adders
  2 adder skeletons (D:3)
  2 worms (D:2)
  A dart slug (D:2)
  A leopard gecko (D:2)
  A ball python (D:1)
  5 bats
  6 goblins
  3 hobgoblins
  3 jackals (D:3)
  6 kobolds
  3 frilled lizards
  2 jackal zombies (D:3)
  2 quokka zombies (D:3)
  8 rats
48 creatures vanquished.

Notes
Turn   | Place    | Note
-------+----------+-------------------------------------------
     0 | D:1      | NullDivider the Octopode Artificer began the quest for the Orb.
     0 | D:1      | Reached XP level 1. HP: 13/13 MP: 3/3
   323 | D:1      | Reached XP level 2. HP: 16/18 MP: 4/4
  1105 | D:2      | Reached XP level 3. HP: 21/24 MP: 5/5
  1431 | D:2      | Found a radiant altar of Vehumet.
  1630 | D:3      | Reached XP level 4. HP: 29/29 MP: 6/6
  1736 | D:3      | Noticed Peloso's ghost (amateur HaFi)
  1802 | D:3      | Found a shattered altar of Ashenzari.
  2170 | D:3      | Noticed Grinder
  2178 | D:3      | Slain by Grinder

Skill      XL: |  1  2  3 |
---------------+----------+-----
Stealth        | 2 3 |  3.7
Fighting       | 2 |  2.0
Short Blades   | |  1.9
Dodging        | |  2.4
Evocations     | |  3.6

Action                   |  1- 3 |  4- 6 || total
-------------------------+-------+-------++-------
Melee: Short sword       |    79 |    23 ||   102
       Constrict         |    19 |     7 ||    26
       Tentacles         |    10 |     4 ||    14
Evoke: Wand              |       |     4 ||     4
 Stab: Sleeping          |    11 |     1 ||    12
       Distracted        |       |     1 ||     1
  Eat: Chunk             |     2 |     2 ||     4
Armor: Skin              |     5 |     1 ||     6
Dodge: Dodged            |    40 |     9 ||    49
